 Dungeon Crawl Stone Soup version 0.30-a0-1018-g25214051b3 (webtiles) character file.

Game seed: 14850342969889093930

17441 voltaire321 the Geomancer (level 12, -4/77 HPs)
             Began as a Gargoyle Earth Elementalist on Apr 7, 2023.
             Was an Elder of Vehumet.
             Slain by a pharaoh ant (33 damage)
             ... on level 2 of the Lair of Beasts.
             The game lasted 00:35:54 (15029 turns).

voltaire321 the Geomancer (GrEE)                   Turns: 15029, Time: 00:35:55

Health: -4/77      AC: 19    Str: 17    XL:     12   Next: 48%
Magic:  24/24      EV: 18    Int: 16    God:    Vehumet [****..]
Gold:   659        SH:  0    Dex: 10    Spells: 21/27 levels left

rFire   . . .      SeeInvis .    p - +8 glaive of Conformity {venom, rN+}
rCold   + . .      Faith    .    (shield currently unavailable)
rNeg    + + .      Spirit   .    k - +0 steam dragon scales
rPois   ∞          Reflect  .    (no helmet)
rElec   +          Rampage  .    (no cloak)
rCorr   .                        o - +0 pair of gloves
Will    .....                    a - +1 pair of boots
Stlth   +                        (no amulet)
HPRegen 0.32/turn                q - ring of protection from cold
MPRegen 0.19/turn                l - +5 ring of evasion

@: confused
A: sickness immunity, AC +8, negative energy resistance 1, electricity
resistance, torment resistance 1, petrification resistance
a: Renounce Religion


You were on level 2 of the Lair of Beasts.
You worshipped Vehumet.
Vehumet was greatly pleased with you.
You visited 3 branches of the dungeon, and saw 13 of its levels.
You also visited: Bailey.

You collected 659 gold pieces.

Inventory:

Hand Weapons
 e - a +3 long sword of electrocution
 j - a +0 scimitar
 p - the +8 glaive of Conformity (weapon) {venom, rN+}
   (You took it off a deep elf pyromancer on level 10 of the Dungeon)

   rN:        It protects you from negative energy.
 x - a +2 whip of electrocution
Missiles
 z - 21 curare-tipped darts
Armour
 a - a +1 pair of boots (worn)
 h - a +0 ring mail
 k - +0 steam dragon scales (worn)
 o - a +0 pair of gloves (worn)
Magical Staves
 A - a staff of earth
Jewellery
 i - a ring of fire
 l - a +5 ring of evasion (right hand)
 q - a ring of protection from cold (left hand)
 y - a ring of fire
 B - a ring of protection from fire
 D - a ring of see invisible
 E - a ring of magical power
Wands
 d - a wand of roots (11)
 u - a wand of light (8)
Scrolls
 b - 3 scrolls of identify
 c - 4 scrolls of teleportation
 s - a scroll of fog
 w - 4 scrolls of poison
 C - 2 scrolls of enchant armour
Potions
 f - 2 potions of lignification
 g - 11 potions of curing
 m - a potion of heal wounds
 n - a potion of might {unknown}
 r - 2 potions of berserk rage
 t - a potion of haste
 v - a potion of brilliance


   Skills:
 + Level 9.8 Fighting
 + Level 1.9 Polearms
 + Level 9.7 Armour
 - Level 6.0 Dodging
 - Level 2.1 Stealth
 - Level 8.0 Spellcasting
 + Level 9.8 Conjurations
 - Level 1.0 Transmutations
 + Level 11.3 Earth Magic


You had 21 spell levels left.
You knew the following spells:

 Your Spells              Type           Power      Damage    Failure   Level
a - Sandblast             Erth           84%        2d18      1%          1
b - Passwall              Tmut/Erth      21%        N/A       1%          2
c - Stone Arrow           Conj/Erth      80%        3d12      1%          3

Your spell library contained the following spells:

 Spells                   Type           Power      Damage    Failure   Level
 Fireball                 Conj/Fire      11%        3d7       11%         5
 Kiss of Death            Conj/Necr      88%        2d12      1%          1
 Static Discharge         Conj/Air       44%        2-4/arc   1%          2
 Dazzling Flash           Conj/Hex       44%        N/A       1%          3
 Hailstorm                Conj/Ice       22%        3d7       1%          3
 Iskenderun's Battlesphe  Conj           37%        2d9       1%          5
 Freeze                   Ice            24%        1d4       3%          1
 Iskenderun's Mystic Bla  Conj/Tloc      22%        2d6       4%          4
 Frozen Ramparts          Ice            12%        1d2       9%          3
 Volatile Blastmotes      Fire/Tloc      12%        2d11      9%          3
 Petrify                  Tmut/Erth      26%        N/A       9%          4
 Necrotise                Necr           24%        1d5       11%         1
 Spider Form              Tmut/Pois      8%         N/A       26%         3
 Airstrike                Air            3%         2d(1-17)  28%         4
 Summon Guardian Golem    Hex/Summ       6%         N/A       32%         3
 Starburst                Conj/Fire      11%        6d5       47%         6
 Ice Form                 Ice/Tmut       8%         N/A       65%         4
 Summon Lightning Spire   Summ/Air       6%         N/A       73%         4
 Eringya's Noxious Bog    Tmut/Pois      4%         N/A       96%         6
 Agony                    Necr           6%         N/A       97%         5
 Silence                  Hex/Air        3%         N/A       97%         5
 Simulacrum               Ice/Necr       3%         N/A       100%        6
 Enfeeble                 Hex            3%         N/A       100%        7
 Borgnjor's Revivificati  Necr           3%         N/A       100%        8
 Statue Form              Tmut/Erth      Unusable   N/A       N/A         6

Dungeon Overview and Level Annotations

Branches:
Dungeon (10/15)            Temple (1/1) D:7            Lair (2/5) D:9
 Spider (0/4) Lair:2          Orc (0/2) D:9          Bailey (visited)
  Swamp: Lair:2-3    Shoals: Lair:2-3

Altars:
Ashenzari
Cheibriados
Dithmenos
Elyvilon
Fedhas
Gozag
Hepliaklqana
Kikubaaqudgha
Makhleb
Nemelex Xobeh
Okawaru
Qazlal
Ru
Sif Muna
Trog
Uskayaw
Vehumet
Wu Jian
Xom
Yredelemnul
Zin
The Shining One

Shops:
D:7 (

Annotations:
Lair:1 exclusion: oklob plant


Innate Abilities, Weirdness & Mutations

You are immune to sickness and miasma.
Your stone body is resilient. (AC +8)
You are immune to poison.
You resist negative energy. (rN+)
You are resistant to electric shocks. (rElec)
You are resistant to unholy torment.
You are immune to petrification.


Message History

Vehumet accepts your kill.
A tarantella comes into view.
The tarantella moves out of view.
You see here a tarantella corpse.
Found a stone staircase leading up.
A pharaoh ant comes into view.
Found a scroll labelled OCERURUAXA.
Found a hole to the Spider Nest.
The pharaoh ant gives a chilling moan.
You hear a faint skittering sound.
You closely miss the pharaoh ant.
The tarantella's many legs skitter faintly.
The pharaoh ant barely misses you. x2
You slice the pharaoh ant!!
The pharaoh ant is heavily damaged.
The pharaoh ant bites you!! The pharaoh ant barely misses you.
You slash the pharaoh ant!
The pharaoh ant is almost destroyed.
The pharaoh ant closely misses you. The pharaoh ant misses you.
The pharaoh ant completely misses you.
You hit the pharaoh ant.
The pharaoh ant is almost destroyed.
The tarantella touches you but does no damage.
The pharaoh ant closely misses you. The tarantella touches you!
You are confused.
The pharaoh ant bites you!!
* * * LOW HITPOINT WARNING * * *
The tarantella barely misses you.
You're too confused to move!
The tarantella touches you!
* * * LOW HITPOINT WARNING * * *
You are more confused.
The pharaoh ant barely misses you.
You're too confused to cast spells.
Unknown command.
You feel much better. The tarantella touches you.
You are more confused.
The pharaoh ant closely misses you. The tarantella misses you.
The pharaoh ant misses you.
You closely miss the pharaoh ant.
The pharaoh ant is almost destroyed.
The tarantella closely misses you. The pharaoh ant bites you!!
You die...

#..... ..##...........
##.<...## #.............
P.......P #............
........# ##............
........# ##.............
#......## #.##.P#........
#.....# #.....#........
....##...#####..#P..........
. #...#..B@##.##P..........
#.....#.#s†.#.####...>....P
.?.....#.......# #.##.....#
...>.......#.#.# #..#......
.......#.......# ##..######
.#.....###....## ### ..
...P### #.# ..P.## ...##


You could see a pharaoh ant and a tarantella.

Vanquished Creatures
  2 two-headed ogres (D:9)
  Pikel (D:6)
  2 deep elf pyromancers (D:10)
  A wolf spider (D:10)
  An ugly thing (D:10)
  2 manticores (D:10)
  A cane toad (Lair:1)
  3 kobold demonologists (D:10)
  2 komodo dragons (Lair:2)
  A freezing wraith (D:10)
  Grinder (D:6)
  2 hornets
  A tarantella (Lair:2)
  A wind drake (shapeshifter) (D:10)
  A jumping spider (Lair:2)
  A snapping turtle (shapeshifter) (D:10)
  A wraith (D:10)
  2 shadows
  4 wyverns
  14 yaks
  A human (D:9)
  2 basilisks
  A steam dragon (D:10)
  Menkaure (D:5)
  A warg (D:9)
  7 orc warriors
  7 water moccasins
  4 sky beasts
  A black bear (D:5)
  5 centaurs
  12 kobold brigands
  7 bullfrogs
  6 scorpions
  7 wights
  3 killer bees (D:9)
  3 howler monkeys (D:9)
  5 hounds
  4 jellies
  7 orc priests
  A sleepcap (D:5)
  3 iguanas
  Jessica (D:3)
  6 orc wizards
  A human simulacrum (D:9)
  3 gnolls
  An adder (D:5)
  2 shadow imps (D:7)
  An ufetubus (D:5)
  2 worms
  2 dart slugs
  22 orcs
  5 endoplasms
  3 giant cockroaches
  5 goblins
  10 hobgoblins
  29 kobolds
  6 quokkas
  7 ball pythons
  2 bats
  3 frilled lizards
  A rat (D:1)
244 creatures vanquished.

Vanquished Creatures (others)
  A basilisk (D:9)
  An orc wizard (D:9)
  A human simulacrum (D:9)
  7 fungi
  17 plants
27 creatures vanquished.

Grand Total: 271 creatures vanquished

Notes
Turn   | Place    | Note
-------+----------+-------------------------------------------
     0 | D:1      | voltaire321 the Gargoyle Earth Elementalist began the quest
                  | for the Orb.
     0 | D:1      | Reached XP level 1. HP: 10/10 MP: 3/3
   264 | D:1      | Reached XP level 2. HP: 16/16 MP: 3/5
   500 | D:1      | Reached skill level 1 in Transmutations
  1299 | D:2      | Reached XP level 3. HP: 20/20 MP: 3/6
  1575 | D:2      | Reached skill level 1 in Fighting
  1708 | D:2      | Reached skill level 1 in Armour
  1708 | D:2      | Reached skill level 4 in Earth Magic
  1763 | D:2      | Learned a level 2 spell: Passwall
  1767 | D:2      | Learned a level 3 spell: Stone Arrow
  2411 | D:3      | Noticed Jessica
  2414 | D:3      | Killed Jessica
  2415 | D:3      | Reached XP level 4. HP: 25/25 MP: 3/7
  2773 | D:3      | Found a faded altar of an unknown god.
  2970 | D:4      | Noticed a scorpion
  2981 | D:3      | Killed a scorpion
  2982 | D:3      | Reached skill level 1 in Conjurations
  2982 | D:3      | Reached XP level 5. HP: 26/30 MP: 1/9
  3329 | D:4      | Reached XP level 6. HP: 32/36 MP: 2/10
  3499 | D:4      | Found a stormy altar of Qazlal.
  3923 | D:5      | Entered Level 5 of the Dungeon
  3923 | D:5      | Found an opulent altar of Gozag.
  3950 | D:5      | Noticed a black bear
  3963 | D:5      | Killed a black bear
  3964 | D:5      | Reached skill level 5 in Earth Magic
  3968 | D:5      | Reached XP level 7. HP: 34/40 MP: 4/11
  4084 | D:5      | Got Gaadduhi's Directory of Percussion
  4120 | D:5      | Found a white marble altar of Elyvilon.
  4193 | D:5      | Found a broken altar of Ashenzari.
  4997 | D:5      | Noticed Menkaure
  5006 | D:5      | Killed Menkaure
  5116 | D:5      | Reached XP level 8. HP: 45/48 MP: 11/13
  5205 | D:6      | Noticed Grinder
  5227 | D:6      | Paralysed by Grinder for 5 turns
  5371 | D:6      | Killed Grinder
  5407 | D:6      | Reached skill level 5 in Dodging
  5407 | D:6      | Reached skill level 8 in Earth Magic
  5407 | D:6      | Reached XP level 9. HP: 56/56 MP: 14/18
  5719 | D:6      | Noticed Pikel
  5735 | D:6      | Killed Pikel
  5985 | D:6      | Found a shadowy altar of Dithmenos.
  6249 | D:6      | Found a glowing golden altar of the Shining One.
  6513 | D:7      | Found a staircase to the Ecumenical Temple.
  6525 | Temple   | Entered the Ecumenical Temple
  6710 | Temple   | Became a worshipper of Vehumet
  6982 | D:7      | Reached XP level 10. HP: 54/63 MP: 16/19
  6985 | D:7      | Found Zuzank's Weapon Emporium.
  7346 | D:7      | Got the Verses on Sinister Hexes
  8013 | D:8      | Reached skill level 9 in Earth Magic
  8140 | D:8      | Reached * piety under Vehumet
  8140 | D:8      | Offered knowledge of Foxfire by Vehumet.
  8981 | D:9      | Found a staircase to the Lair.
  9755 | D:9      | Reached XP level 11. HP: 37/68 MP: 8/21
  9814 | D:9      | Offered knowledge of Static Discharge by Vehumet.
  9936 | D:9      | Reached ** piety under Vehumet
 10275 | D:9      | Found a snail-covered altar of Cheibriados.
 10305 | D:9      | Noticed a two-headed ogre
 10310 | D:9      | Killed a two-headed ogre
 10550 | D:9      | Found a staircase to the Orcish Mines.
 10642 | D:9      | Noticed a two-headed ogre
 10649 | D:9      | Killed a two-headed ogre
 11002 | D:10     | Entered Level 10 of the Dungeon
 11073 | D:10     | Reached skill level 10 in Earth Magic
 11091 | D:10     | Offered knowledge of Ignite Poison by Vehumet.
 11254 | D:10     | Found a flagged portal.
 11273 | Bailey   | Entered a bailey
 11360 | Bailey   | Reached *** piety under Vehumet
 11618 | Bailey   | Found a burning altar of Makhleb.
 11761 | D:10     | Offered knowledge of Inner Flame by Vehumet.
 11831 | D:10     | Noticed a red ugly thing
 11831 | D:10     | Noticed a wolf spider
 11851 | D:10     | Killed a red ugly thing
 11858 | D:10     | Noticed a sixfirhy
 11937 | D:10     | Identified the +8 glaive of Conformity {venom, rN+}
 11937 | D:10     | Noticed a deep elf pyromancer
 11947 | D:10     | Noticed a manticore
 11969 | D:10     | Killed a wolf spider
 12085 | D:10     | Killed a manticore
 12402 | D:10     | Identified the staff of poison "Etzaf" {rPois rN+}
 12402 | D:10     | Noticed a deep elf pyromancer
 12409 | D:10     | Killed a deep elf pyromancer
 12602 | D:10     | Reached XP level 12. HP: 64/76 MP: 6/23
 12977 | D:10     | Got the Meditations on Forms
 12978 | D:10     | Identified the staff of air "Colaull" {*Corrode rElec rN+
                  | Dex+3}
 13430 | Lair:1   | Entered Level 1 of the Lair of Beasts
 13437 | Lair:1   | Reached skill level 11 in Earth Magic
 13850 | Lair:1   | Reached skill level 1 in Polearms
 13862 | Lair:1   | Reached **** piety under Vehumet
 14426 | Lair:1   | Offered knowledge of Fireball by Vehumet.
 15017 | Lair:2   | Found a hole to the Spider Nest.
 15029 | Lair:2   | Slain by a pharaoh ant

Illustrated notes

Levels and vault maps discovered:
D:1:      elethiomel_arrival_infinity_welcomes_careful_drivers, layout_basic
D:2:      layout_basic
D:3:      layout_basic, hellmonk_ecumenical_altar_run_dry, uniq_jessica
D:4:      layout_rooms, mainiacjoe_overflow_boulevard
D:5:      cheibrodos_helix_gallery, layout_loops_ring,
          mainiacjoe_overflow_paths, mainiacjoe_overflow_six_doors_small,
          nicolae_elyvilon_temple_path, hangedman_decor_slide_cut,
          hangedman_decor_clover_reticule, patterned_corridor, uniq_menkaure
D:6:      layout_basic, lemuel_coloured_pillars_altar,
          mainiacjoe_overflow_chevrons, uniq_pikel, uniq_grinder
D:7:      layout_cave_pods, minmay_temple_entry_ruins, serial_shops,
          nicolae_shop_bloodbath_and_beyond, feat_on_display
D:8:      layout_basic
D:9:      layout_cave_pods, cheibriados_altar_1, minmay_lair_entry_grove,
          erik_orc_4, bh_circular_ruins
D:10:     minmay_the_grid_triangle_9x9_rhombus_thin_mashed
          [minmay_the_grid_triangle_9x9_zippers_horizontal,
          minmay_the_grid_triangle_9x9_prize_insulated,
          minmay_the_grid_triangle_9x9_checkered,
          minmay_the_grid_triangle_9x9_sparse_checkered], layout_irregular_city,
          enter_bailey_4
Temple:   bh_familiar_temple
Lair:1:   layout_cellular_growth, minmay_lair_oklob_bushes, grunt_megastairs_1
Lair:2:   layout_cave_pods, nicolae_swamp_entry_spooky,
          nicolae_spider_entry_lesser_pyramids, beast_lair_carwin_9,
          serial_bayou_shore_b

Skill      XL: |  1  2  3  4  5  6  7  8  9 10 11 12 |
---------------+-------------------------------------+-----
Transmutations | 1 |  1.0
Fighting       | 1 2 3 6 7 8 9 |  9.8
Armour         | 1 2 3 6 7 9 |  9.7
Earth Magic    | 4 5 8 9 10 11 | 11.3
Dodging        | 2 3 5 6 |  6.0
Conjurations   | 1 2 3 6 7 8 9 |  9.8
Spellcasting   | 3 6 7 8 |  8.0
Polearms       | 1 |  1.9
Stealth        | |  2.1

Action                     |  1- 3 |  4- 6 |  7- 9 | 10-12 || total
---------------------------+-------+-------+-------+-------++-------
  Melee: Unarmed           |     7 |       |       |       ||     7
         Short sword       |     4 |    18 |     4 |       ||    26
         Punch             |       |     3 |     2 |     4 ||     9
         Whip              |       |       |   151 |    53 ||   204
         Long sword        |       |       |       |   227 ||   227
         Glaive            |       |       |       |    78 ||    78
   Cast: Sandblast         |    43 |    74 |    44 |    11 ||   172
         Stone Arrow       |       |       |       |   199 ||   199
    Use: Scroll            |       |       |    12 |    10 ||    22
         Potion            |       |       |     1 |     5 ||     6
   Stab: Sleeping          |     1 |       |       |     2 ||     3
 Armour: Leather armour    |     7 |       |       |       ||     7
         Ring mail         |     1 |    40 |    99 |   224 ||   364
         Steam dragon scal |       |       |       |    41 ||    41
  Dodge: Dodged            |    15 |    52 |    81 |   451 ||   599

Table legend: (Time is in decaauts)
 A = Elapsed time spent in this place.
 B = Non-inter-level travel time spent in this place.
 C = Inter-level travel time spent in this place.
 D = Time resting spent in this place.
 E = Time spent auto-exploring this place.
 F = Levels seen in this place.
 G = Mean time per level.
                   A        B        C        D        E       F      G
               +--------+--------+--------+--------+--------+-----+--------+
         Total |  15289 |  14943 |    346 |   3646 |   8424 |  14 | 1092.1 |
       Dungeon |  13032 |  12725 |    307 |   3130 |   7216 |  10 | 1303.2 |
        Temple |    209 |    186 |     23 |      0 |    161 |   1 |  209.0 |
          Lair |   1648 |   1633 |     15 |    341 |   1030 |   2 |  824.0 |
        Bailey |    399 |    399 |      0 |    175 |     17 |   1 |  399.0 |
               +--------+--------+--------+--------+--------+-----+--------+

Top non-repeatable levels by time:
     D:9: 2119 daAuts
    D:10: 2047 daAuts
  Lair:1: 1396 daAuts
     D:5: 1359 daAuts
     D:1: 1270 daAuts
     D:7: 1204 daAuts
     D:8: 1184 daAuts
     D:6: 1138 daAuts
     D:2: 984 daAuts
     D:3: 954 daAuts
     D:4: 769 daAuts
  Bailey: 399 daAuts
  Lair:2: 252 daAuts
  Temple: 209 daAuts
